 Dungeon Crawl Stone Soup version 0.30-a0-845-g7c6808c8ce (webtiles) character file.

Game seed: 7045266345067648356

4871 retardedninja the Blocker (level 10, -9/82 HPs)
             Began as a Gnoll Fighter on Mar 2, 2023.
             Mangled by a death yak (17 damage)
             ... on level 7 of the Dungeon.
             The game lasted 00:15:36 (10412 turns).

retardedninja the Blocker (Gnoll Fighter)          Turns: 10412, Time: 00:15:37

Health: -9/82      AC: 16    Str: 20    XL:     10   Next: 50%
Magic:  0/18       EV:  8    Int:  7    God:
Gold:   441        SH:  6    Dex: 12    Spells: 20/20 levels left

rFire   . . .      SeeInvis .    D - +2 morningstar
rCold   . . .      Faith    .    c - +0 buckler
rNeg    + . .      Spirit   +    x - +0 plate armour
rPois   .          Reflect  .    (no helmet)
rElec   .          Rampage  .    q - +0 cloak
rCorr   .                        (no gloves)
Will    .....                    k - +0 pair of boots Stlth
                                 l - amulet of guardian spirit
HPRegen 0.33/turn                p - ring of positive energy
MPRegen 0.16/turn                (no ring)

@: no status effects
A: fangs 1, strong nose, distributed training
a: no special abilities


You were on level 7 of the Dungeon.
You visited 2 branches of the dungeon, and saw 9 of its levels.
You also visited: Sewer and Ossuary.

You collected 441 gold pieces.

Inventory:

Hand Weapons
 D - a +2 morningstar (weapon)
Armour
 c - a +0 buckler (worn)
 k - a +0 pair of boots (worn)
 q - a +0 cloak (worn)
 x - a +0 plate armour (worn)
Jewellery
 l - an amulet of guardian spirit (around neck)
 p - a ring of positive energy (left hand)
 y - a +6 ring of dexterity
Wands
 a - a wand of flame (14)
 i - a wand of charming (2)
 j - a wand of mindburst (4)
Scrolls
 e - a scroll of fear
 f - a scroll of identify
 h - a scroll of poison
 m - 2 scrolls of torment {unknown}
 o - a scroll of noise {unknown}
 s - a scroll of acquirement {unknown}
 t - 3 scrolls of teleportation
 u - a scroll of magic mapping
 v - a scroll of summoning {unknown}
 A - a scroll of vulnerability {unknown}
 C - a scroll of enchant armour {unknown}
 E - 2 scrolls of blinking {unknown}
 F - a scroll of silence {unknown}
Potions
 b - 2 potions of brilliance
 B - a potion of mutation


   Skills:
 + Level 8.7 Fighting
 + Level 5.5 Short Blades
 + Level 5.5 Long Blades
 + Level 5.5 Axes
 + Level 7.3 Maces & Flails
 + Level 5.5 Polearms
 + Level 5.5 Staves
 + Level 5.5 Ranged Weapons
 + Level 5.5 Throwing
 + Level 8.7 Armour
 + Level 5.5 Dodging
 + Level 5.5 Stealth
 + Level 8.7 Shields
 + Level 5.5 Unarmed Combat
 + Level 5.5 Spellcasting
 + Level 4.5 Conjurations
 + Level 4.5 Hexes
 + Level 4.5 Summonings
 + Level 4.5 Necromancy
 + Level 4.5 Translocations
 + Level 4.5 Transmutations
 + Level 4.5 Fire Magic
 + Level 4.5 Ice Magic
 + Level 4.5 Air Magic
 + Level 4.5 Earth Magic
 + Level 4.5 Poison Magic
 + Level 6.1 Invocations
 + Level 5.5 Evocations


You had 20 spell levels left.
You didn't know any spells.
Your spell library contained the following spells:

 Spells                   Type           Power      Damage    Failure   Level
 Summon Small Mammal      Summ           32%        N/A       67%         1
 Ensorcelled Hibernation  Hex/Ice        16%        N/A       82%         2
 Passwall                 Tmut/Erth      6%         N/A       82%         2
 Sublimation of Blood     Necr           8%         N/A       82%         2
 Wereblood                Tmut           8%         N/A       82%         2
 Call Canine Familiar     Summ           8%         N/A       96%         3
 Summon Guardian Golem    Hex/Summ       8%         N/A       96%         3
 Swiftness                Air            8%         N/A       96%         3
 Summon Hydra             Summ           4%         N/A       100%        7


Dungeon Overview and Level Annotations

Branches:
Dungeon (8/15)             Temple (1/1) D:5            Lair (0/5) D:8
  Sewer (visited)         Ossuary (visited)

Altars:
Ashenzari
Cheibriados
Dithmenos
Elyvilon
Fedhas
Hepliaklqana
Makhleb
Nemelex Xobeh
Okawaru
Qazlal
Ru
Sif Muna
Trog
Uskayaw
Vehumet
Wu Jian
Xom
Yredelemnul
Zin
The Shining One

Shops:
D:7 [


Innate Abilities, Weirdness & Mutations

You have very sharp teeth.
Your uncanny sense of smell can sniff out nearby items.
Your experience applies equally to all skills.


Message History

Okay, then.
Sorry, you're not good enough to have a special ability.
Okay, then.
As you read the scroll of fear, it crumbles to dust.
You assume a fearsome visage.
The death yak resists with some effort.
The death yak gores you but does no damage.
Aiming: Mindburst
Press: ? - help, Q - select action, (/) - cycle Shift-Dir - straight line, f - death yak
Aim: a death yak (heavily wounded, chance to affect: 19%)
The death yak resists with almost no effort.
The death yak gores you but does no damage.
Aiming: Mindburst
Press: ? - help, Q - select action, (/) - cycle Shift-Dir - straight line, f/p - death yak
Aim: a death yak (heavily wounded, chance to affect: 19%)
The death yak resists with almost no effort.
You block the death yak's attack.
Aiming: Mindburst
Press: ? - help, Q - select action, (/) - cycle Shift-Dir - straight line, f/p - death yak
Aim: a death yak (heavily wounded, chance to affect: 19%)
The death yak resists with almost no effort.
The death yak gores you!
* * * LOW HITPOINT WARNING * * *
Aiming: Mindburst
Press: ? - help, Q - select action, (/) - cycle Shift-Dir - straight line, f/p - death yak
Aim: a death yak (heavily wounded, chance to affect: 19%)
Okay, then.
Aiming: Throw Flame
Press: ? - help, Q - select action, (/) - cycle Shift-Dir - straight line, f/p - death yak
Aim: a death yak (heavily wounded, 91% to hit)
The puff of flame hits the death yak.
The death yak is heavily wounded.
The death yak completely misses you.
Okay, then.
Okay, then.
Aiming: Mindburst
Press: ? - help, Q - select action, (/) - cycle Shift-Dir - straight line, f/p - death yak
Aim: a death yak (heavily wounded, chance to affect: 19%)
The death yak resists with almost no effort.
The death yak gores you!!
You die...

#....# #.#.##########
#.#..........#
###########.##########.#
#.............# #.#
#.#########.#.### #.#
#.# #.......#...######.#
#.###.#.[...............
#.....#@.##...#.#......#
#######Y[##.....#....).#
#..##...###.....##
#..##...# #.....#.
#######..##...####....#.
#....##).##....# ####.#.
#....##..##....# #.#.
#..#.#.#.#.#...## #.##
#...............# #.#.


You could see a death yak.

Vanquished Creatures
  A death yak (D:8)
  Maggie (D:7)
  Grinder (D:4)
  Eustachio (D:4)
  A water moccasin (D:6)
  Duvessa (D:6)
  2 orc warriors
  Pargi (Sewer)
  2 sky beasts (D:7)
  2 ice beasts
  2 black bears
  A centaur (D:6)
  An ogre (D:7)
  4 phantoms
  A kobold brigand (D:7)
  An elf zombie (Ossuary)
  3 bullfrogs
  A scorpion (D:5)
  7 wights
  Dowan (D:6)
  6 electric eels (D:7)
  4 hounds
  6 jellies
  2 human zombies (Ossuary)
  2 centaur zombies
  A gnoll bouda (D:7)
  An iron imp (D:6)
  6 orc priests
  Terence (D:3)
  2 iguanas
  Natasha (thrice) (D:4)
  2 orc wizards
  A hound zombie (D:4)
  3 mummies (Ossuary)
  4 gnolls (D:7)
  5 adders
  2 white imps (D:5)
  6 adder zombies (Ossuary)
  3 worms
  3 dart slugs
  19 orcs
  8 endoplasms
  6 giant cockroaches
  A gnoll zombie (Ossuary)
  2 goblins
  A hobgoblin (D:3)
  9 quokkas
  5 ball pythons
  5 bats
  11 frilled lizards
  A goblin skeleton (D:6)
  9 hobgoblin zombies
  A jackal zombie (Ossuary)
  15 kobolds
  2 kobold skeletons (D:6)
  6 kobold zombies
  An orc skeleton (D:6)
  4 orc zombies
  5 quokka zombies (Ossuary)
  8 rats
  4 rat zombies (Ossuary)
221 creatures vanquished.

Vanquished Creatures (others)
  An orc wizard (D:7)
  20 plants
21 creatures vanquished.

Grand Total: 242 creatures vanquished

Notes
Turn   | Place    | Note
-------+----------+-------------------------------------------
     0 | D:1      | retardedninja the Gnoll Fighter began the quest for the
                  | Orb.
     0 | D:1      | Reached XP level 1. HP: 23/23 MP: 1/1
   314 | D:1      | Reached XP level 2. HP: 29/29 MP: 2/2
   699 | D:1      | Found a blossoming altar of Fedhas.
   779 | D:2      | Reached XP level 3. HP: 35/35 MP: 3/3
  1199 | D:2      | Reached skill level 1 in Invocations
  1623 | D:3      | Reached skill level 1 in Short Blades
  1623 | D:3      | Reached skill level 1 in Long Blades
  1623 | D:3      | Reached skill level 1 in Axes
  1623 | D:3      | Reached skill level 1 in Polearms
  1623 | D:3      | Reached skill level 1 in Staves
  1623 | D:3      | Reached skill level 1 in Ranged Weapons
  1623 | D:3      | Reached skill level 1 in Throwing
  1623 | D:3      | Reached skill level 1 in Dodging
  1623 | D:3      | Reached skill level 1 in Stealth
  1623 | D:3      | Reached skill level 1 in Unarmed Combat
  1623 | D:3      | Reached skill level 1 in Spellcasting
  1623 | D:3      | Reached skill level 1 in Evocations
  1713 | D:3      | Found a hazy altar of Hepliaklqana.
  1746 | D:3      | Reached XP level 4. HP: 40/41 MP: 5/5
  1780 | D:3      | Found a glowing drain.
  1784 | Sewer    | Entered a sewer
  1868 | Sewer    | Noticed Pargi
  1874 | Sewer    | Killed Pargi
  1875 | Sewer    | Reached skill level 1 in Conjurations
  1875 | Sewer    | Reached skill level 1 in Hexes
  1875 | Sewer    | Reached skill level 1 in Summonings
  1875 | Sewer    | Reached skill level 1 in Necromancy
  1875 | Sewer    | Reached skill level 1 in Translocations
  1875 | Sewer    | Reached skill level 1 in Transmutations
  1875 | Sewer    | Reached skill level 1 in Fire Magic
  1875 | Sewer    | Reached skill level 1 in Ice Magic
  1875 | Sewer    | Reached skill level 1 in Air Magic
  1875 | Sewer    | Reached skill level 1 in Earth Magic
  1875 | Sewer    | Reached skill level 1 in Poison Magic
  1875 | Sewer    | Reached XP level 5. HP: 36/47 MP: 5/7
  2135 | D:3      | Found a burning altar of Makhleb.
  2241 | D:3      | Found a sacrificial altar of Ru.
  2336 | D:3      | Found a radiant altar of Vehumet.
  2601 | D:3      | Noticed Terence
  2607 | D:3      | Killed Terence
  2608 | D:3      | Reached XP level 6. HP: 49/53 MP: 6/8
  3050 | D:4      | Noticed Natasha
  3060 | D:4      | Killed Natasha
  3061 | D:4      | Reached skill level 5 in Maces & Flails
  3155 | D:4      | Noticed Natasha
  3162 | D:4      | Killed Natasha
  3215 | D:4      | Found a basalt altar of Yredelemnul.
  3279 | D:4      | Noticed Eustachio
  3289 | D:4      | Killed Eustachio
  3290 | D:4      | Reached XP level 7. HP: 50/60 MP: 7/10
  3429 | D:4      | Noticed Grinder
  3445 | D:4      | Killed Grinder
  3583 | D:4      | Noticed Natasha
  3588 | D:4      | Killed Natasha
  3601 | D:4      | Reached XP level 8. HP: 63/67 MP: 10/12
  3986 | D:5      | Entered Level 5 of the Dungeon
  4221 | D:5      | Found a staircase to the Ecumenical Temple.
  4245 | Temple   | Entered the Ecumenical Temple
  5081 | D:6      | Found a glowing golden altar of the Shining One.
  5206 | D:6      | Noticed Dowan
  5207 | D:6      | Noticed Duvessa
  5218 | D:6      | Killed Duvessa
  5220 | D:6      | Killed Dowan
  5388 | D:6      | Reached XP level 9. HP: 70/73 MP: 11/14
  5505 | D:6      | Found a sand-covered staircase.
  5535 | Ossuary  | Entered an ossuary
  6574 | D:6      | Reached skill level 5 in Invocations
  7424 | D:7      | Found Nebb's Antique Armour Shoppe.
  7488 | D:7      | Noticed Maggie
  7509 | D:7      | Killed Maggie
  7510 | D:7      | Reached skill level 5 in Short Blades
  7510 | D:7      | Reached skill level 5 in Long Blades
  7510 | D:7      | Reached skill level 5 in Axes
  7510 | D:7      | Reached skill level 5 in Polearms
  7510 | D:7      | Reached skill level 5 in Staves
  7510 | D:7      | Reached skill level 5 in Ranged Weapons
  7510 | D:7      | Reached skill level 5 in Throwing
  7510 | D:7      | Reached skill level 5 in Dodging
  7510 | D:7      | Reached skill level 5 in Stealth
  7510 | D:7      | Reached skill level 5 in Unarmed Combat
  7510 | D:7      | Reached skill level 5 in Spellcasting
  7510 | D:7      | Reached skill level 5 in Evocations
  7510 | D:7      | Reached XP level 10. HP: 38/81 MP: 7/17
  9361 | D:8      | Noticed a death yak
  9363 | D:8      | Noticed a death yak
  9364 | D:8      | Noticed a death yak
  9365 | D:8      | Noticed a death yak
  9366 | D:8      | Noticed a death yak
  9366 | D:8      | Noticed a death yak
  9368 | D:8      | Noticed a death yak
  9369 | D:8      | Noticed a death yak
  9370 | D:8      | Noticed a death yak
  9379 | D:8      | Killed a death yak
  9848 | D:8      | Found a staircase to the Lair.
 10412 | D:7      | Mangled by a death yak

Illustrated notes

Levels and vault maps discovered:
D:1:      dpeg_arrival_water_altar, layout_basic, minivault_26
D:2:      layout_basic, hangedman_abyss_or_decor_lesser_grid
D:3:      layout_basic, mainiacjoe_overflow_surrounded_room,
          mainiacjoe_overflow_paths, overflow_temple_1_default,
          nicolae_hepliaklqana_hazy_memory, serial_co_window_serial,
          co_window_paths_b, co_window_corner_a, co_window_of_opportunity_a,
          co_window_paths_a, co_window_paths_b, co_window_paths_a,
          co_window_corner_a, co_window_unsneaky_path_a, co_window_2corner,
          co_window_2corner, glass_columns_b, glass_columns_c, glass_columns_c,
          gup_sewer_entry_spiral, uniq_terence
D:4:      layout_basic, lemuel_zombie_altar_yredelemnul, uniq_eustachio,
          uniq_natasha, uniq_grinder
D:5:      layout_loops_ring, minmay_temple_entry_sparse_star
D:6:      layout_gridville, nicolae_tso_besieged_by_evil,
          nicolae_ossuary_entry_false_entrances, uniq_duvessa
D:7:      layout_basic, serial_shops, kennysheep_mini_moat, serial_bayou_pond_e,
          chequers_big_river, st_stairs_9, nicolae_titane, uniq_maggie
D:8:      layout_loops_cross, nicolae_kikubaaqudgha_miasma_corner,
          dpeg_lair_monsters
Temple:   dpeg_chambers_temple

Skill      XL: |  1  2  3  4  5  6  7  8  9 10 |
---------------+-------------------------------+-----
Invocations    | 1 2 3 4 5 6 |  6.1
Short Blades   | 1 2 3 5 |  5.5
Long Blades    | 1 2 3 5 |  5.5
Axes           | 1 2 3 5 |  5.5
Polearms       | 1 2 3 5 |  5.5
Staves         | 1 2 3 5 |  5.5
Ranged Weapons | 1 2 3 5 |  5.5
Throwing       | 1 2 3 5 |  5.5
Dodging        | 1 2 3 5 |  5.5
Stealth        | 1 2 3 5 |  5.5
Unarmed Combat | 1 2 3 5 |  5.5
Spellcasting   | 1 2 3 5 |  5.5
Evocations     | 1 2 3 5 |  5.5
Conjurations   | 1 2 3 4 |  4.5
Hexes          | 1 2 3 4 |  4.5
Summonings     | 1 2 3 4 |  4.5
Necromancy     | 1 2 3 4 |  4.5
Translocations | 1 2 3 4 |  4.5
Transmutations | 1 2 3 4 |  4.5
Fire Magic     | 1 2 3 4 |  4.5
Ice Magic      | 1 2 3 4 |  4.5
Air Magic      | 1 2 3 4 |  4.5
Earth Magic    | 1 2 3 4 |  4.5
Poison Magic   | 1 2 3 4 |  4.5
Maces & Flails | 5 6 7 |  7.3
Fighting       | 7 8 |  8.7
Armour         | 7 8 |  8.7
Shields        | 7 8 |  8.7

Action                     |  1- 3 |  4- 6 |  7- 9 | 10-12 || total
---------------------------+-------+-------+-------+-------++-------
  Melee: Flail             |   105 |   120 |   362 |       ||   587
         Bite              |     5 |    11 |    52 |    14 ||    82
         Morningstar       |       |       |    66 |   109 ||   175
  Evoke: Wand              |       |       |     1 |    18 ||    19
    Use: Scroll            |     7 |     4 |     4 |     2 ||    17
         Potion            |       |     1 |    17 |     8 ||    26
   Stab: Invisible         |       |       |     3 |       ||     3
 Armour: Scale mail        |    44 |    26 |       |       ||    70
         Chain mail        |       |    31 |    33 |       ||    64
         Plate armour      |       |       |   256 |    85 ||   341
         Skin              |       |       |    21 |     6 ||    27
  Dodge: Dodged            |    48 |    37 |   167 |    43 ||   295
  Block: Buckler           |    23 |    23 |   132 |    55 ||   233

Table legend: (Time is in decaauts)
 A = Elapsed time spent in this place.
 B = Non-inter-level travel time spent in this place.
 C = Inter-level travel time spent in this place.
 D = Time resting spent in this place.
 E = Time spent auto-exploring this place.
 F = Levels seen in this place.
 G = Mean time per level.
                   A        B        C        D        E       F      G
               +--------+--------+--------+--------+--------+-----+--------+
         Total |  10562 |  10324 |    238 |   2991 |   5444 |  11 |  960.2 |
       Dungeon |   9803 |   9565 |    238 |   2958 |   5066 |   8 | 1225.4 |
        Temple |    271 |    271 |      0 |     33 |    186 |   1 |  271.0 |
         Sewer |    134 |    134 |      0 |      0 |     42 |   1 |  134.0 |
       Ossuary |    352 |    352 |      0 |      0 |    149 |   1 |  352.0 |
               +--------+--------+--------+--------+--------+-----+--------+

Top non-repeatable levels by time:
     D:7: 3157 daAuts
     D:6: 1725 daAuts
     D:3: 1332 daAuts
     D:4: 974 daAuts
     D:2: 909 daAuts
     D:5: 833 daAuts
     D:1: 729 daAuts
 Ossuary: 352 daAuts
  Temple: 271 daAuts
     D:8: 141 daAuts
   Sewer: 134 daAuts
